AoeStats
← wilson2012629

Arena

509783403Analyzed
1v1 RM · 5d ago on Sep 28, 2026· 42m 22s· 2 players
Game mode
Random Map
Map size
Tiny (2 player)
Population
200
Speed
Normal
Resources
Standard
Victory
Conquest
Starting age
Dark Age
Ending age
Imperial Age
RankedLock teamsTeams togetherTeam positionsShared explorationLock speedFull tech treeHidden civsTurbo modeCheats
Victory
Defeat
🇹🇼 Cumans · Taiwan
872
+35
🇦🇷 Celts · Argentina
856
-15
Vexyann
2:55 Loom
12:59 Feudal Age
19:55 Arson
24:59 Castle Age
25:17 Wheelbarrow
24:30 Double-Bit Axe
25:59 Gambesons
25:35 Man-at-Arms
36:32 Hand Cart
wilson2012629
6:53 Loom
9:31 Feudal Age
10:51 Wheelbarrow
10:56 Double-Bit Axe
11:42 Horse Collar
29:08 Castle Age
27:43 Bloodlines
34:38 Bow Saw
34:31 Heavy Plow
34:24 Stone Mining
34:26 Gold Mining
34:29 Fletching
37:55 Imperial Age
36:03 Bodkin Arrow
35:36 Capped Ram
37:49 Scale Barding Armor
39:07 Chain Barding Armor
39:13 Light Cavalry
40:32 Plate Barding Armor
40:44 Forging
42:09 Cavalier
Connection lost

Rejoining the realm…

Still unreachable

The connection could not be restored.

Session expired

The server has moved on; the page needs a fresh start.